 Dungeon Crawl Stone Soup version 0.28.0-43-g3370ac3207 (webtiles) character file.

Game seed: 7928457387107940041

4 croobank the Sneak (level 1, -1/9 HPs)
             Began as a Felid Delver on Feb 28, 2022.
             Slain by an adder (3 damage)
             ... on level 2 of the Dungeon.
             The game lasted 00:01:57 (494 turns).

croobank the Sneak (Felid Delver)                    Turns: 494, Time: 00:01:57

Health: -1/9       AC:  1    Str:  8    XL:     1   Next: 50%
Magic:  2/2        EV: 17    Int: 11    God:
Gold:   12         SH:  0    Dex: 17    Spells: 0/0 levels left
                                        Lives:  0   Deaths: 0

rFire   . . .      SeeInvis +     - Unarmed
rCold   + . .      Faith    .   (shield unavailable)
rNeg    . . .      Spirit   .   (armour unavailable)
rPois   .          Reflect  .   (helmet unavailable)
rElec   .          Harm     .   (cloak unavailable)
rCorr   .          Rampage  .   (gloves unavailable)
Will    .....                   (boots unavailable)
Stlth   ++++......              (no amulet)
HPRegen 0.03/turn               (no ring)
MPRegen 0.08/turn               (no ring)

@: lethally poisoned (-1 -> -2), quick
A: very small, claws 1, fangs 3, see invisible, speed 1, shaggy fur 1, stealthy
paws, no weapons or thrown items, no armour, multi-lived, antennae 1, cold
resistance 1, frail 1
a: no special abilities


You were on level 2 of the Dungeon.
You visited 1 branch of the dungeon, and saw 4 of its levels.

You collected 12 gold pieces.

Inventory:

Wands
 e - a wand of digging (3)


   Skills:
 + Level 3.0 Fighting
 + Level 2.8 Dodging
 + Level 6.6 Stealth
 + Level 2.1 Unarmed Combat


You couldn't memorise any spells.
You didn't know any spells.
Your spell library was empty.

Dungeon Overview and Level Annotations

Branches:
Dungeon (5/15)
 Temple: D:4-7

Altars:

Annotations:
D:3 Robin


Innate Abilities, Weirdness & Mutations

You have sharp claws.
You have razor-sharp teeth.
You have supernaturally acute eyesight. (SInv)
You cover ground quickly. (Speed+)
You are covered in fur. (AC +1)
Your paws help you pounce on unaware monsters.
You are incapable of wielding weapons or throwing items.
You cannot wear armour.
You gain extra lives every three experience levels.
You have a pair of small antennae on your head.
Your flesh is cold resistant. (rC+)
You are frail. (-10% HP)


Message History

Found a stone staircase leading up.
There is a stone staircase leading up here.
The goblin seems to regain its courage.
You climb upwards.
There is a stone staircase leading down here.
HP restored.
Found 19 sling bullets.
Found two stone staircases leading down.
Found 23 arrows.
a - a golden potion An endoplasm comes into view.
The endoplasm quivers.
You scratch the endoplasm.
The endoplasm is severely wounded.
The endoplasm hits you.
You scratch the endoplasm.
You kill the endoplasm!
An adder comes into view.
The adder hisses angrily.
The adder bites you but does no damage.
You see here 2 red potions.
You barely miss the adder. The adder misses you. The adder barely misses you.
You scratch the adder.
The adder is moderately wounded.
The adder bites you.
You are poisoned.
The adder poisons you!
You scratch the adder. Your bite misses the adder.
The adder is heavily wounded.
You feel sick. The adder closely misses you.
You closely miss the adder.
The adder is heavily wounded.
You feel sick. The adder bites you.
* * * LOW HITPOINT WARNING * * *
It was a potion of mutation.
You feel extremely strange.
You feel resistant to cold.
You feel frail. A pair of antennae grows on your head!
* * * LOW HITPOINT WARNING * * *
You feel sick. The adder completely misses you. The adder bites you.
You die...

###.#...####.
....#........
...........#. #
#(>.......... .##
#.#.####.#.#.# ..##.
....# #.#.# . ......
#.### #.#.# ###...#
#.# #.#.## #.S..# #
#.####
#....####@##....
.....#
#.............#
.....#
#......##.###.#
.....###......#...#
..............#...#
.....#####........#
.....# ##........
.....## #........#
......#####.........


You could see an adder.

Vanquished Creatures
  An endoplasm (D:2)
  A goblin (D:3)
  A quokka (D:4)
3 creatures vanquished.

Notes
Turn   | Place    | Note
-------+----------+-------------------------------------------
     0 | D:5      | croobank the Felid Delver began the quest for the Orb.
     0 | D:5      | Reached XP level 1. HP: 10/10 MP: 2/2
    15 | D:5      | Noticed a hound
    20 | D:5      | Noticed a scorpion
   136 | D:3      | Noticed Robin
   494 | D:2      | Gained mutation: Your flesh is cold resistant. (rC+)
                  | [potion of mutation]
   494 | D:2      | Gained mutation: You are frail. (-10% HP) [potion of
                  | mutation]
   494 | D:2      | Gained mutation: You have a pair of small antennae on your
                  | head. [potion of mutation]
   494 | D:2      | Slain by an adder

Illustrated notes

Levels and vault maps discovered:
D:2:      layout_loops_ring, minmay_ruptured
D:3:      layout_basic, uniq_robin
D:4:      layout_cave_pools, nicolae_kikubaaqudgha_miasma_corner,
          lemuel_doored_altar, kennysheep_decorative_pillar, uniq_edmund
D:5:      layout_loops_ring, corner_web_ring

Action                   || total
-------------------------++-------
Melee: Unarmed           ||    10
       Bite              ||     1
  Use: Scroll            ||     3
       Potion            ||     2
 Stab: Sleeping          ||     1
Armor: Skin              ||     2
Dodge: Dodged            ||    12
